Map: 2000 Atmospheres LE

Players

Zest - Winner!

  • Race: Protoss Protoss

Cure

  • Race: Terran Terran

Event: DreamHack SC2 Masters Last Chance 2022

VOD

Have the link to the VOD?

Description

Time

  • Played on: Jan. 15, 2022, 9:28 a.m.
  • Length: 9:41

All games in this series

Show
View Real Time Build Order
Export as new Build Order

Zest Protoss - Winner!

Build Orders: 1 Gate Expand, Oracle Opening 

Get SALT Encoding   

  12  0:00  Probe  
  13  0:12  Probe  
  14  0:17  Pylon  
  14  0:24  Probe (Chrono Boost)  
  15  0:36  Probe (Chrono Boost), Gateway  
  16  0:44  Probe (Chrono Boost)  
  16  0:45  Assimilator  
  17  0:51  Probe  
  18  1:03  Probe  
  19  1:15  Probe  
  20  1:24  Cybernetics Core  
  20  1:34  Nexus  
  20  1:36  Probe  
  21  1:44  Pylon  
  21  1:48  Probe  
  21  1:50  Assimilator  
  22  1:59  Stalker (Chrono Boost)  
  22  2:01  Probe  
  25  2:13  Probe  
  26  2:19  Stalker (Chrono Boost)  
  26  2:20  Shield Battery  
  28  2:25  Probe  
  28  2:28  Pylon  
  29  2:41  Stargate  
  30  2:45  Stalker (Chrono Boost)  
  31  3:01  Shield Battery  
  31  3:07  Probe x2  
  31  3:08  Warp Gate  
  33  3:19  Probe x2  
  35  3:26  Oracle (Chrono Boost)  
  31  3:31  Probe x2  
  36  3:43  Probe x2  
  36  3:44  Twilight Council  
  36  3:46  Gateway  
  37  3:55  Probe  
  38  3:56  Probe  
  38  3:58  Gateway  
  39  4:07  Probe  
  39  4:08  Probe  
  41  4:11  Blink (Chrono Boost)  
  41  4:15  Pylon  
  41  4:17  Stalker  
  41  4:22  Probe x2  
  42  4:34  Probe x2  
  44  4:39  Assimilator  
  44  4:46  Probe x2  
  46  4:54  Shield Battery  
  46  4:56  Stalker x3  
  52  5:00  Probe x2  
  54  5:07  Nexus  
  54  5:11  Pylon  
  54  5:19  Stalker  
  54  5:20  Stalker x2  
  60  5:26  Pylon  
  60  5:30  Probe  
  60  5:31  Probe  
  62  5:38  Forge  
  62  5:43  Charge, Stalker x2  
  62  5:44  Stalker  
  62  5:45  Probe  
  62  5:47  Probe  
  70  5:55  Pylon  
  70  5:58  Shield Battery  
  70  6:01  Probe x2  
  72  6:04  Pylon  
  72  6:06  Sentry  
  74  6:13  Probe x2  
  74  6:15  Protoss Ground Weapons Level 1 (Chrono Boost)  
  76  6:19  Probe  
  76  6:23  Sentry  
  79  6:27  Gateway  
  79  6:28  Probe x2, Gateway  
  81  6:38  Gateway  
  81  6:39  Gateway  
  81  6:52  Gateway  
  81  6:53  Dark Shrine, Pylon  
  81  6:54  Probe  
  81  6:57  Probe  
  82  7:04  Zealot x2, Sentry  
  82  7:07  Probe x2  
  82  7:08  Pylon  
  90  7:10  Probe  
  89  7:24  Stalker x2, Sentry  
  93  7:35  Zealot x4  
  99  7:38  Probe  
  99  7:39  Probe x2, Gateway  
  99  7:40  Pylon  
  99  7:41  Pylon  
  102  7:56  Zealot x7  
  116  7:59  Zealot  
  116  8:01  Shadow Stride (Chrono Boost)  
  116  8:04  Gateway  
  118  8:09  Photon Cannon  
  118  8:11  Pylon  
  117  8:26  Stalker x6  
  129  8:32  Zealot x2  
  132  8:37  Pylon  
  117  8:56  Zealot x2  
  117  8:57  Zealot x6  
  117  8:58  Zealot  
  133  9:04  Nexus  
  133  9:05  Pylon  
  130  9:19  Assimilator  
  130  9:20  Assimilator  
  130  9:21  Zealot  
  130  9:22  Zealot x7  
Show
View Real Time Build Order
Export as new Build Order

Cure Terran 

Build Orders:  

Get SALT Encoding   

  12  0:00  SCV  
  13  0:12  SCV  
  14  0:18  Supply Depot  
  14  0:24  SCV  
  15  0:39  SCV  
  15  0:40  Barracks  
  16  0:46  Refinery  
  16  0:51  SCV  
  16  0:55  Refinery  
  17  1:04  SCV  
  18  1:16  SCV  
  19  1:26  Barracks Tech Lab  
  19  1:28  Orbital Command  
  19  1:41  Supply Depot  
  19  1:44  Concussive Shells  
  19  1:45  Marauder  
  21  1:54  SCV  
  22  2:01  Factory  
  22  2:06  Marauder  
  24  2:09  SCV  
  25  2:21  SCV  
  26  2:27  Marauder  
  28  2:33  SCV  
  28  2:36  Bunker  
  29  2:43  Supply Depot  
  29  2:47  Supply Depot, Factory Tech Lab  
  29  2:51  Marauder  
  31  2:55  SCV  
  31  3:06  Cyclone  
  31  3:07  SCV  
  31  3:12  Marauder  
  37  3:19  SCV  
  34  3:31  SCV  
  34  3:32  Command Center  
  33  3:38  Cyclone  
  34  3:47  Barracks, SCV  
  35  4:00  SCV  
  36  4:04  Barracks  
  36  4:12  SCV  
  40  4:24  Bunker, SCV  
  40  4:34  Barracks Reactor  
  40  4:36  SCV  
  40  4:38  Engineering Bay  
  40  4:48  SCV  
  40  4:50  Factory Tech Lab  
  40  4:52  Marauder, Stimpack, Orbital Command  
  41  4:53  Marine  
  42  5:00  SCV  
  42  5:03  Terran Infantry Weapons Level 1  
  43  5:10  Marine x2  
  43  5:12  SCV  
  46  5:14  Starport  
  46  5:15  Factory Reactor  
  46  5:19  Marauder  
  46  5:20  SCV  
  49  5:23  Combat Shield, Marauder  
  49  5:24  SCV  
  49  5:27  Refinery  
  49  5:28  Marine x2  
  53  5:33  SCV  
  53  5:34  Supply Depot  
  55  5:36  SCV  
  56  5:43  Marauder  
  56  5:45  Marauder, SCV  
  56  5:46  Marine  
  56  5:49  Supply Depot  
  62  5:55  Marine, SCV  
  64  5:58  SCV  
  64  5:59  Medivac  
  64  6:00  Medivac  
  64  6:02  Supply Depot  
  69  6:05  Refinery  
  69  6:08  SCV  
  71  6:11  SCV  
  71  6:14  Marine  
  71  6:15  Marauder x2  
  71  6:17  Factory Reactor  
  76  6:19  Marine  
  76  6:20  SCV  
  76  6:24  SCV  
  79  6:28  Supply Depot  
  79  6:30  Medivac  
  79  6:32  SCV  
  79  6:36  SCV  
  79  6:38  Marauder x2  
  83  6:44  SCV  
  83  6:45  Marine x2  
  85  6:48  SCV  
  85  6:49  Supply Depot  
  85  6:50  Medivac  
  88  7:00  Marauder x2  
  94  7:03  Widow Mine  
  94  7:05  Terran Infantry Armor Level 1  
  94  7:06  Supply Depot  
  94  7:11  Supply Depot, Marine x2, Widow Mine  
  96  7:19  Medivac  
  96  7:21  Command Center  
  97  7:27  Marauder  
  97  7:28  Marine x2, Marauder  
  103  7:33  Widow Mine  
  103  7:34  Widow Mine  
  103  7:35  Medivac  
  107  7:37  Supply Depot  
  107  7:42  SCV x2  
  108  7:54  Marine x2  
  108  7:55  Marauder x2  
  114  8:00  Widow Mine  
  114  8:02  Barracks  
  114  8:04  Barracks, Widow Mine  
  119  8:05  SCV x2  
  119  8:11  Supply Depot  
  120  8:17  SCV x2  
  120  8:19  Missile Turret  
  121  8:20  Marauder x2  
  125  8:28  Marine  
  125  8:32  Marine  
  125  8:33  Widow Mine x2  
  124  8:43  Marine  
  124  8:44  Marauder  
  124  8:46  Marine  
  124  8:48  SCV x2, Orbital Command  
  93  8:55  Barracks Tech Lab  
  93  8:56  Barracks Reactor  
  93  8:58  Marine  
  93  9:01  Marauder  
  85  9:04  Marine  
  85  9:05  Marauder  
  83  9:13  Widow Mine  
  84  9:17  Marine  
  84  9:18  Marauder  
  84  9:22  Marine  

Tags
 
Add a new tag
Caveats
  • Supply blocks, unpowered buildings, or Contaminate may cause inaccurate times.
  • Supply counts are checked every 10 seconds.